 Dungeon Crawl Stone Soup version 0.18-a0-1414-gcd7f35e (webtiles) character file.

39 Reinor the Ducker (level 3, -4/19 HPs)
             Began as a Spriggan Abyssal Knight on Feb 26, 2016.
             Was a Follower of Lugonu.
             Slain by a gnoll (8 damage)
             ... on level 2 of the Dungeon.
             The game lasted 00:03:16 (1089 turns).

Reinor the Ducker (Spriggan Abyssal Knight)         Turns: 1089, Time: 00:03:16

Health: -4/19      AC:  2    Str:  8    XL:     3   Next: 28%
Magic:  5/5        EV: 18    Int: 14    God:    Lugonu [*.....]
Gold:   36         SH:  0    Dex: 15    Spells: 0 memorised, 2 levels left

rFire  . . .     SeeInvis +     a - +1 short sword
rCold  . . .     Gourm    .     b - +0 robe
rNeg   . . .     Faith    .     (shield restricted)
rPois  .         Spirit   .     (helmet restricted)
rElec  .         Dismiss  .     (no cloak)
rCorr  .         Reflect  .     (gloves unavailable)
SustAt .         Harm     .     (boots unavailable)
MR     .....                    (no amulet)
Stlth  +++.......               (no ring)
                                (no ring)

@: very quick, not resistant to hostile enchantments, fairly stealthy
A: unfitting armour, see invisible, herbivore 3, speed 3, slow metabolism 2
a: Depart the Abyss, Renounce Religion


You were on level 2 of the Dungeon.
You worshipped Lugonu.
Lugonu was aware of your devotion.
You were not hungry.

You visited 1 branch of the dungeon, and saw 2 of its levels.
You visited the Abyss 1 time.

You collected 36 gold pieces.

Inventory:

Hand Weapons
 a - a +1 short sword (weapon)
Armour
 b - a +0 robe (worn)
Scrolls
 f - a scroll of amnesia
 i - a scroll of teleportation
Potions
 e - a potion of flight
 g - a potion of lignification {unknown}
 h - a potion of mutation {unknown}
 j - 2 potions of agility
Comestibles
 c - a bread ration


   Skills:
 - Level 2.4 Fighting
 + Level 3.2 Short Blades
 - Level 3.5 Dodging
 + Level 3.2 Stealth
 - Level 1.7 Invocations


You had 2 spell levels left.
You didn't know any spells.

Dungeon Overview and Level Annotations

Branches:
Dungeon (2/15)

Altars:
Makhleb


Innate Abilities, Weirdness & Mutations

You are tiny and cannot use many weapons and most armour.
You have supernaturally acute eyesight.
You are an herbivore.
You cover ground extremely quickly.
You need consume almost no food.


Message History

A quokka comes into view.
You hit the goblin.
The goblin is heavily wounded.
The goblin hits you.
You hit the goblin.
You kill the goblin!
Lugonu accepts your kill.
You see here an adder corpse.
Found 2 lumpy blue potions.
j - 2 lumpy blue potions You start resting.
Read which item? (? for menu, Esc to quit)
Identify which item? (\ to view known items) (? for menu, Esc to quit)
As you read the scroll of identify, it crumbles to dust.
j - 2 potions of agility You hit the gnoll but do no damage.
The gnoll hits you.
* * * LOW HITPOINT WARNING * * *
You completely miss the gnoll. The gnoll misses you.
You hit the gnoll but do no damage. The gnoll hits you!
You die...

#..........# #.####.#.#.# ..
#.# #.._..# #.. #.# ###.###
#.. #.# #...# #.# #.# ##..#
#.# . ..# #..# #.#####..
#.#######..##.######.#.....#
#..............g@.......####
###....#####.#######........
# #.###.## #.#######....####
##.## ##.###.#.........##
.%# ##.##.#.#####...# ..#
#....#.### #....... #.##
##........# ##..#### ...#
##.##..#.#.# ..#
###.###.###..#.#.# ..#


You could see a gnoll.

Vanquished Creatures
  A gnoll (D:2)
  An adder (D:2)
  A dart slug (D:1)
  A giant cockroach (D:1)
  A goblin (D:2)
  3 hobgoblins (D:1)
  2 jackals (D:1)
  4 kobolds (D:1)
  A bat (D:1)
  2 giant newts (D:1)
  3 rats (D:1)
20 creatures vanquished.

Notes
Turn   | Place    | Note
--------------------------------------------------------------
     0 | Abyss:1  | Reinor the Spriggan Abyssal Knight began the quest for the Orb.
     0 | Abyss:1  | Reached XP level 1. HP: 11/11 MP: 3/3
   276 | Abyss:1  | Noticed a small abomination
   292 | Abyss:1  | Noticed a ynoxinul
   296 | Abyss:1  | Noticed a large abomination
   297 | Abyss:1  | Noticed a small abomination
   312 | D:1      | Escaped the Abyss
   340 | D:1      | Reached * piety under Lugonu
   342 | D:1      | Reached skill level 1 in Stealth
   483 | D:1      | Reached XP level 2. HP: 11/16 MP: 4/4
   917 | D:2      | Reached XP level 3. HP: 19/19 MP: 5/5
   944 | D:2      | Found a burning altar of Makhleb.
  1089 | D:2      | Slain by a gnoll

Vault maps used:
D:1:      lightli_arrival_maybe_door_vault
D:2:      lemuel_crystal_altar, nicolae_ru_awakened_eye, uniq_jessica

Skill      XL: |  1  2  3 |
---------------+----------+-----
Stealth        | 1 2 3 |  3.2
Short Blades   | 3 |  3.2
Fighting       | |  2.4
Dodging        | |  3.5
Invocations    | |  1.7

Action                   || total
-------------------------++-------
Melee: Short sword       ||    63
Invok: Depart the Abyss  ||     1
  Use: Scroll            ||     5
 Stab: Sleeping          ||     3
